 Dungeon Crawl Stone Soup version 0.28.0-53-g5a82cb258f (webtiles) character file.

Game seed: 338720396760150747

58 bnorton916 the Magician (level 3, -1/19 HPs)
             Began as a Deep Elf Fire Elementalist on June 9, 2022.
             Slain by Ijyb
             ... wielding a +0 dagger
              (3 damage)
             ... on level 3 of the Dungeon.
             The game lasted 00:01:29 (2768 turns).

bnorton916 the Magician (DEFE)                      Turns: 2768, Time: 00:01:30

Health: -1/19      AC:  4    Str:  5    XL:     3   Next: 76%
Magic:  3/10       EV: 12    Int: 21    God:
Gold:   59         SH:  0    Dex: 15    Spells: 9/10 levels left

rFire   . . .      SeeInvis .   (no weapon)
rCold   . . .      Faith    .   (no shield)
rNeg    . . .      Spirit   .   o - +1 robe "Damnable Contraption" {+Blink}
rPois   .          Reflect  .   (no helmet)
rElec   .          Harm     .   (no cloak)
rCorr   .          Rampage  .   (no gloves)
Will    .....                   l - +0 pair of boots
Stlth   ++........              (no amulet)
HPRegen 0.06/turn               (no ring)
MPRegen 0.12/turn               (no ring)

@: no status effects
A: no striking features
a: Evoke Blink


You were on level 3 of the Dungeon.
You visited 1 branch of the dungeon, and saw 3 of its levels.

You collected 59 gold pieces.

Inventory:

Missiles
 e - 68 stones
 j - 2 throwing nets
Armour
 l - a +0 pair of boots (worn)
 o - the +1 robe "Damnable Contraption" (worn) {+Blink}
   (You found it on level 2 of the Dungeon)

   +Blink:    It lets you blink.
Scrolls
 a - a scroll of amnesia {unknown}
 f - 4 scrolls of fog {unknown}
 g - a scroll of brand weapon {unknown}
 h - 2 scrolls of identify {unknown}
 m - a scroll of enchant weapon {unknown}
 n - a scroll of immolation {unknown}
Potions
 b - a potion of curing {unknown}
 c - a potion of degeneration {unknown}
 d - 3 potions of heal wounds {unknown}
 i - a potion of magic {unknown}
 k - 3 potions of brilliance {unknown}


   Skills:
 - Level 2.4 Dodging
 - Level 2.4 Stealth
 + Level 4.1 Spellcasting
 + Level 2.4 Conjurations
 + Level 4.0 Fire Magic


You had 9 spell levels left.
You knew the following spells:

 Your Spells              Type           Power      Damage    Failure   Level
a - Foxfire               Conj/Fire      68%        2x1d7     3%          1

Your spell library contained the following spells:

 Spells                   Type           Power      Damage    Failure   Level
 Scorch                   Fire           42%        2d7       3%          2
 Conjure Flame            Conj/Fire      17%        6-21      10%         3
 Inner Flame              Hex/Fire       12%        N/A       16%         3
 Flame Wave               Conj/Fire      17%        2d6       30%         4


Dungeon Overview and Level Annotations

Branches:
Dungeon (3/15)

Altars:

Annotations:
D:3 Ijyb


Message History

The foxfire hits Ijyb but does no damage.
Ijyb is moderately wounded.
The foxfire hits Ijyb but does no damage.
Ijyb is moderately wounded.
The foxfire hits Ijyb but does no damage.
Ijyb is moderately wounded.
Casting: Foxfire (safe; 3% risk of failure)
Confirm with . or Enter, or press ? or * to list all spells.
You conjure some foxfire!
The foxfire hits Ijyb!
Ijyb is severely wounded.
The foxfire hits Ijyb but does no damage.
Ijyb is severely wounded.
Casting: Foxfire (safe; 3% risk of failure)
Confirm with . or Enter, or press ? or * to list all spells.
You don't know that spell.
Unknown command.
Casting: Foxfire (safe; 3% risk of failure)
Confirm with . or Enter, or press ? or * to list all spells.
You conjure some foxfire!
An endoplasm comes into view.
The foxfire hits Ijyb but does no damage.
Ijyb is severely wounded.
The foxfire hits Ijyb.
Ijyb is almost dead.
Ijyb hits you with a +0 dagger.
Casting: Foxfire (safe; 3% risk of failure)
Confirm with . or Enter, or press ? or * to list all spells.
You conjure some foxfire!
Ijyb barely misses you.
The foxfire hits Ijyb but does no damage.
Ijyb is almost dead.
The foxfire hits Ijyb but does no damage.
Ijyb is almost dead.
Ijyb zaps a wand.
The puff of flame hits you!
* * * LOW HITPOINT WARNING * * *
Unknown command.
Casting: Foxfire (safe; 3% risk of failure)
Confirm with . or Enter, or press ? or * to list all spells.
You conjure some foxfire!
Ijyb hits you with a +0 dagger.
You die...

#.. +:. #.# #.#
#.# #.#
#########v######.
#.......v@g......
#.#######........
#.#######....J...
#................
#.........###.###
#<........# .#
#........## #
#........#
##.......#


You could see Ijyb (ally target) and an endoplasm.

Vanquished Creatures
  2 adders (D:2)
  A dart slug (D:1)
  4 ball pythons
  2 endoplasms
  2 giant cockroaches (D:2)
  A goblin (D:1)
  7 hobgoblins
  4 bats
  4 frilled lizards
  5 kobolds
  7 rats
39 creatures vanquished.

Vanquished Creatures (others)
  223 foxfires
223 creatures vanquished.

Grand Total: 262 creatures vanquished

Notes
Turn   | Place    | Note
-------+----------+-------------------------------------------
     0 | D:1      | bnorton916 the Deep Elf Fire Elementalist began the quest
                  | for the Orb.
     0 | D:1      | Reached XP level 1. HP: 10/10 MP: 6/6
   164 | D:1      | Reached XP level 2. HP: 15/15 MP: 4/8
  1524 | D:2      | Reached XP level 3. HP: 19/19 MP: 6/10
  1737 | D:2      | Found a faded altar of an unknown god.
  1801 | D:2      | Identified the +1 robe "Damnable Contraption" {+Blink}
  2753 | D:3      | Noticed Ijyb
  2768 | D:3      | Slain by Ijyb

Illustrated notes

Levels and vault maps discovered:
D:1:      dpeg_arrival_central, layout_loops_ring
D:2:      layout_basic, basic_ecumenical_altar, dk_noncrumbling_4,
          hangedman_abyss_or_decor_lesser_grid, grunt_ministairs_2,
          patterned_corridor
D:3:      kennysheep_big_flooded_room, layout_basic, uniq_crazy_yiuf_cottage,
          uniq_ijyb, uniq_terence

Skill      XL: |  1  2  3 |
---------------+----------+-----
Conjurations   | 2 |  2.4
Spellcasting   | 4 |  4.1
Fire Magic     | 4 |  4.0
Dodging        | |  2.4
Stealth        | |  2.4

Action                   || total
-------------------------++-------
 Cast: Foxfire           ||   133
Armor: Robe              ||     4
Dodge: Dodged            ||     9
